 Dungeon Crawl Stone Soup version 0.20-a0-1039-gf554463 (console) character file.

88 r4s the Sneak (level 4, -4/21 HPs)
             Began as a Felid Chaos Knight on Apr 22, 2017.
             Killed from afar by an orc wizard (11 damage)
             ... with a puff of flame
             ... on level 4 of the Dungeon.
             The game lasted 00:16:56 (2198 turns).

r4s the Sneak (Felid Chaos Knight)                  Turns: 2198, Time: 00:16:56

Health: -4/21      AC:  1    Str:  6    XL:     4   Next: 30%
Magic:  5/5        EV: 19    Int: 14    God:    Xom [*.....]
Gold:   177        SH:  0    Dex: 15    Spells: 3/3 levels left
                                        Lives:  0   Deaths: 1

rFire    . . .     SeeInvis +     - Unarmed
rCold    . . .     Gourm    .   (shield unavailable)
rNeg     . . .     Faith    .   (armour unavailable)
rPois    .         Spirit   .   (helmet unavailable)
rElec    .         Reflect  .   (cloak unavailable)
rCorr    .         Harm     .   (gloves unavailable)
MR       .....                  (boots unavailable)
Stlth    +++.......             (no amulet)
Regen    0.1/turn               (no ring)
MPRegen  0.1/turn               (no ring)

@: quick
A: no armour, no weapons or thrown items, stealth, claws 1, fangs 3, see
invisible, carnivore 3, speed 1, screaming 1, shaggy fur 1, slow metabolism 1,
weak 1, subdued magic 1, sharp paws
a: Renounce Religion


You were on level 4 of the Dungeon.
You worshipped Xom.
You were a special plaything of Xom.
You were very full.

You visited 1 branch of the dungeon, and saw 4 of its levels.

You collected 177 gold pieces.

Inventory:

Jewellery
 h - an uncursed ring of teleportation
Comestibles
 a - 3 meat rations
 b - 3 royal jellies
 f - 2 chunks of flesh


   Skills:
 - Level 3.4 Fighting
 - Level 3.8 Dodging
 + Level 4.9 Stealth
 - Level 3.5 Unarmed Combat


You had 3 spell levels left.
You didn't know any spells.

Dungeon Overview and Level Annotations

Branches:
Dungeon (4/15)
 Temple: D:4-7

Altars:


Innate Abilities, Weirdness & Mutations

You cannot wear armour.
You are incapable of wielding weapons or throwing items.
Your paws allow you to move quietly. (Stealth)
You have sharp claws.
You have razor-sharp teeth.
You have supernaturally acute eyesight. (SInv)
You are carnivorous and can eat meat at any time.
You cover ground quickly.
You are covered in fur. (AC +1)
You have a slow metabolism.
Your sharp claws are effective at attacking unaware monsters.
You occasionally shout uncontrollably at your foes.
You are weak. (Str -2)
Your spells are a little easier to cast, but a little less powerful.


Message History

You hiss at the orc wizard!
An orc and an orc wizard come into view.
The orc wizard shouts!
The orc shouts!
You hear a shout! x2
Found 10 gold pieces.
A phantom comes into view.
You scratch the orc but do no damage. The orc closely misses you.
The phantom blinks!
An orc comes into view.
You scratch the orc but do no damage.
The orc moves out of view.
The orc barely misses you.
The orc shouts!
You scratch the orc but do no damage. The orc misses you.
A scorpion comes into view.
You closely miss the orc wizard. You closely miss the orc wizard.
The orc wizard gestures at you while chanting.
The puff of flame hits you!
Ouch! That really hurt!
You die...
Xom laughs nastily!

#........#
#........#
#........#
#......<.##
#.........###
#...........##
###..#####...#
# #..#
##..###....
#...#
##@o....#
#..#.#
#.o......
#.##..


oo....... #. #.. .o........ . #.. ........... #. #..o ......W....$ .s...<.......
.............. You could see a phantom, a scorpion, an orc wizard and 4 orcs.

Vanquished Creatures
  5 adders
  3 dart slugs
  2 leopard geckos (D:2)
  2 giant cockroaches (D:1)
  6 goblins
  8 hobgoblins
  13 jackals
  A quokka (D:2)
  4 bats
  4 frilled lizards
  3 kobolds
  10 rats
61 creatures vanquished.

Vanquished Creatures (collateral kills)
  3 gnolls (D:2)
3 creatures vanquished.

Grand Total: 64 creatures vanquished

Notes
Turn   | Place    | Note
-------+----------+-------------------------------------------
     0 | D:1      | r4s the Felid Chaos Knight began the quest for the Orb.
     0 | D:1      | Reached XP level 1. HP: 10/10 MP: 2/2
    90 | D:1      | XOM: butterfly on damage
   108 | D:1      | XOM: harmless Tmut miscast
   361 | D:1      | XOM: mild Tmut miscast
   383 | D:1      | Reached XP level 2. HP: 13/14 MP: 3/3
   422 | D:1      | XOM: harmless Pois miscast
   496 | D:1      | XOM: noise
   604 | D:1      | Reached skill level 1 in Stealth
   756 | D:1      | Reached XP level 3. HP: 13/17 MP: 4/4
   873 | D:1      | XOM: god gift: curved jewelled staff {god gift}
  1157 | D:2      | XOM: medium Chrm miscast
  1184 | D:2      | XOM: give mutations
  1184 | D:2      | Gained mutation: You are weak. (Str -2) [Xom's mischief]
  1184 | D:2      | Gained mutation: You occasionally shout uncontrollably at your foes. [Xom's mischief]
  1184 | D:2      | Gained mutation: Your spells are a little easier to cast, but a little less powerful. [Xom's mischief]
  1291 | D:2      | Reached skill level 2 in Stealth
  1462 | D:2      | Reached skill level 3 in Stealth
  1476 | D:2      | Reached XP level 4. HP: 19/21 MP: 5/5
  1590 | D:2      | Slain by a gnoll
  1591 | D:2      | Reached XP level 3. HP: 0/17 MP: 4/4
  2041 | D:3      | Reached skill level 4 in Stealth
  2056 | D:3      | Reached XP level 4. HP: 20/21 MP: 5/5
  2194 | D:4      | Noticed a phantom
  2198 | D:4      | Killed from afar by an orc wizard

Vault maps used:
D:1:      wheals_arrival_linesprint
D:3:      nicolae_dithmenos_shadow_blocks, old_standard_altar, first_bread
D:4:      tgw_trog, kennysheep_slug_shrine, cheibrodos_sewer_entry_bend

Skill      XL: |  1  2  3 |
---------------+----------+-----
Stealth        | 1 4 |  4.9
Fighting       | |  3.4
Dodging        | |  3.8
Unarmed Combat | |  3.5

Action                   |  1- 3 |  4- 6 || total
-------------------------+-------+-------++-------
Melee: Unarmed           |   167 |    41 ||   208
       Bite              |    11 |     3 ||    14
  Use: Potion            |     2 |     3 ||     5
       Scroll            |       |     4 ||     4
 Stab: Distracted        |     2 |       ||     2
       Sleeping          |     2 |       ||     2
  Eat: Chunk             |    15 |       ||    15
Armor: Skin              |    28 |     3 ||    31
Dodge: Dodged            |   117 |    33 ||   150
